 Dungeon Crawl Stone Soup version 0.27-a0-1139-g28e009f8a6 (webtiles) character file.

Game seed: 12893814715696486972

348194 wakim the Brawler (level 21, -1/234 HPs)
             Began as a Troll Fighter on May 7, 2021.
             Was a High Priest of Ashenzari.
             Killed from afar by a war gargoyle (23 damage)
             ... with a spray of metal splinters
             ... led by a peacekeeper
             ... on level 3 of the Vaults.
             The game lasted 02:52:11 (37943 turns).

wakim the Brawler (Troll Fighter)                  Turns: 37943, Time: 02:52:11

Health: -1/234     AC: 17    Str: 41    XL:     21   Next: 22%
Magic:  20/20      EV: 14    Int: 13    God:    Ashenzari [*****.]
Gold:   2243       SH: 29    Dex:  9    Spells: 21/21 levels left

rFire    . . .     SeeInvis +     - Unarmed
rCold    + . .     Faith    .   k - +0 tower shield "Thunder Perfect Mind" {AC+3, Fort, Self} (curse)
rNeg     . . .     Spirit   .   p - +0 acid dragon scales "Overhang to Understand" {rCorr, Cun, Melee} (curse)
rPois    +         Reflect  +   q - +0 hat of the Enlightened Sun {SInv, Melee, Comp} (curse)
rElec    +         Harm     .   d - +0 cloak "Cursed Foul Odors" {Fort, Elem} (curse)
rCorr    +         Rampage  .   (gloves unavailable)
Will     +....     Clarity  +   (boots unavailable)
Stlth    ..........             L - amulet of the Chained Stars {Reflect SH+5, Range, Fort} (curse)
HPRegen  1.49/turn              A - ring of Werphaac {Str+5 Slay+4}
MPRegen  0.17/turn              o - ring of Ashenzari's Absolutism {rElec rPois rC+ Int+8 Stlth-, Melee, Self} (curse)

@: studying Ice Magic
A: large, unfitting armour, claws 3, regeneration 1, shaggy fur 1, tough skin 1,
deterioration 1, subdued magic 1
}: 2/15 runes: decaying, serpentine
a: Renounce Religion, Shatter the Chains


You were on level 3 of the Vaults.
You worshipped Ashenzari.
Ashenzari was extremely pleased with you.
You visited 8 branches of the dungeon, and saw 37 of its levels.
You visited the Abyss 1 time.
You also visited: Sewer, Ossuary and Desolation.

You collected 4336 gold pieces.
You spent 2093 gold pieces at shops.

Inventory:

Missiles
 b - 6 silver javelins
 f - 98 poisoned darts
 h - 35 boomerangs (quivered)
 i - 9 curare-tipped darts {=f}
 l - a throwing net {=f!f}
 m - 9 atropa-tipped darts
 n - 21 large rocks {=f}
 r - 4 datura-tipped darts
Armour
 d - the cursed +0 cloak "Cursed Foul Odors" (worn) {Fort, Elem}
   (You found it on level 1 of the Dungeon)

   It has a curse which improves the following skills: Fortitude: Armour and
   Shields.
   Elements:  Fire Magic, Ice Magic, Air Magic and Earth Magic.
 k - the cursed +0 tower shield "Thunder Perfect Mind" (worn) {AC+3, Fort, Self}
   (You acquired it on level 6 of the Lair of Beasts)

   It has a curse which improves the following skills: Fortitude: Armour and
   Shields.
   Introspection: Fighting and Spellcasting.
 p - the cursed +0 acid dragon scales "Overhang to Understand" (worn) {rCorr, Cun, Melee}
   (You found it on level 11 of the Dungeon)

   It protects you from acid and corrosion.
   It has a curse which improves the following skills: Cunning: Dodging and
   Stealth.
   Melee Combat: Short Blades, Long Blades, Axes, Maces & Flails, Polearms,
   Staves and Unarmed Combat.
 q - the cursed +0 hat of the Enlightened Sun (worn) {SInv, Melee, Comp}
   (You took it off Gastronok on level 12 of the Dungeon)

   It has a curse which improves the following skills: Melee Combat: Short
   Blades, Long Blades, Axes, Maces & Flails, Polearms, Staves and Unarmed
   Combat.
   Companions: Summonings and Necromancy.
 B - +0 storm dragon scales
Jewellery
 a - the ring "Ysemm" {rCorr Int+6 Dex+4}
   (You found it on level 2 of the Lair of Beasts)

   [ring of intelligence]

   It affects your intelligence (+6).
   It affects your dexterity (+4).
   It protects you from acid and corrosion.
 c - the ring of the Will of the Gods {rPois EV+4}
   (You found it in the Desolation of Salt)

   [ring of evasion]

   It affects your evasion (+4).
   It protects you from poison.
 e - a ring of protection from fire
 g - a ring of protection from cold
 o - the cursed ring of Ashenzari's Absolutism (right claw) {rElec rPois rC+ Int+8 Stlth-, Melee, Self}
   (You bought it in a shop on level 2 of the Orcish Mines)

   [ring of protection from cold]

   It affects your intelligence (+8).
   It protects you from cold.
   It insulates you from electricity.
   It protects you from poison.
   It makes you less stealthy.
   It has a curse which improves the following skills: Melee Combat: Short
   Blades, Long Blades, Axes, Maces & Flails, Polearms, Staves and Unarmed
   Combat.
   Introspection: Fighting and Spellcasting.
 s - a ring of willpower
 x - a ring of positive energy
 A - the ring of Werphaac (left claw) {Str+5 Slay+4}
   (You found it in the Desolation of Salt)

   [ring of slaying]

   It affects your strength (+5).
   It affects your accuracy and damage with ranged weapons and melee attacks
   (+4).
 L - the cursed amulet of the Chained Stars (around neck) {Reflect SH+5, Range, Fort}
   (You bought it in a shop on level 3 of the Snake Pit)

   [amulet of reflection]

   It reflects blocked missile attacks.
   It affects your SH (+5).
   It has a curse which improves the following skills: Ranged Combat: Slings,
   Bows, Crossbows and Throwing.
   Fortitude: Armour and Shields.
 M - the ring of Xiyc {Fire Fly rPois Str+5}
   (You found it in the Desolation of Salt)

   [ring of fire]

   It enhances your fire magic.
   It affects your strength (+5).
   It protects you from fire.
   It makes you vulnerable to cold.
   It protects you from poison.
   It grants you flight.
Wands
 t - a wand of digging (13)
 u - a wand of mindburst (36)
 v - a wand of flame (71)
 w - a wand of acid (27)
 y - a wand of paralysis (28)
Scrolls
 j - 6 scrolls of enchant armour
 R - 7 scrolls of magic mapping {!r}
 S - 4 scrolls of summoning
 T - 7 scrolls of teleportation
 U - 3 scrolls of fear
 W - 2 scrolls of holy word
 X - 3 scrolls of fog
 Y - 5 scrolls of blinking {!r}
 Z - 2 scrolls of silence {!r}
Potions
 C - 3 potions of berserk rage {!q}
 D - 9 potions of brilliance
 E - a potion of cancellation
 F - 20 potions of curing
 G - 9 potions of flight
 H - 2 potions of haste
 I - 3 potions of invisibility
 K - 3 potions of magic
 N - 7 potions of might


   Skills:
 * Level 15.6(19.0) Fighting
 + Level 13.4(15.7) Throwing
 + Level 12.9(17.7) Armour
 + Level 12.8(15.1) Dodging
 - Level 10.6(15.5) Shields
 * Level 19.6(23.8) Unarmed Combat


You had 21 spell levels left.
You didn't know any spells.
Your spell library contained the following spells:

 Spells                   Type           Power      Damage    Failure   Level
 Animate Skeleton         Necr           2%         N/A       22%         1
 Freeze                   Ice            4%         1d3       22%         1
 Pain                     Necr           4%         1d4       22%         1
 Sandblast                Erth           2%         2d4       22%         1
 Summon Small Mammal      Summ           4%         N/A       22%         1
 Foxfire                  Conj/Fire      0%         2x1d4     26%         1
 Shock                    Conj/Air       0%         1d3       26%         1
 Apportation              Tloc           0%         N/A       28%         1
 Beastly Appendage        Tmut           0%         N/A       28%         1
 Corona                   Hex            0%         N/A       28%         1
 Magic Dart               Conj           0%         1d3       28%         1
 Sting                    Tmut/Pois      0%         1d3       28%         1
 Call Imp                 Summ           1%         N/A       34%         2
 Passwall                 Tmut/Erth      0%         N/A       36%         2
 Static Discharge         Conj/Air       0%         N/A       36%         2
 Blink                    Tloc           N/A        N/A       38%         2
 Searing Ray              Conj           0%         3d3       38%         2
 Slow                     Hex            0%         N/A       38%         2
 Wereblood                Tmut           0%         N/A       38%         2
 Call Canine Familiar     Summ           1%         N/A       58%         3
 Frozen Ramparts          Ice            2%         1d2       58%         3
 Ozocubu's Armour         Ice            1%         N/A       58%         3
 Swiftness                Air            1%         N/A       58%         3
 Vampiric Draining        Necr           0%         2d6       58%         3
 Conjure Flame            Conj/Fire      0%         6-21      61%         3
 Ignite Poison            Fire/Tmut/Pois 0%         N/A       61%         3
 Inner Flame              Hex/Fire       0%         N/A       61%         3
 Mephitic Cloud           Conj/Pois/Air  0%         N/A       61%         3
 Stone Arrow              Conj/Erth      0%         3d7       61%         3
 Summon Guardian Golem    Hex/Summ       0%         N/A       61%         3
 Dazzling Flash           Conj/Hex       0%         N/A       63%         3
 Gell's Gravitas          Tloc           0%         N/A       63%         3
 Lesser Beckoning         Tloc           0%         N/A       63%         3
 Spider Form              Tmut/Pois      0%         N/A       63%         3
 Teleport Other           Tloc           0%         N/A       63%         3
 Airstrike                Air            0%         N/A       94%         4
 Animate Dead             Necr           0%         N/A       94%         4
 Summon Ice Beast         Ice/Summ       1%         N/A       94%         4
 Summon Lightning Spire   Summ/Air       1%         N/A       94%         4
 Hailstorm                Conj/Ice       0%         3d3       95%         4
 Ice Form                 Ice/Tmut       0%         N/A       95%         4
 Leda's Liquefaction      Hex/Erth       0%         N/A       95%         4
 Petrify                  Tmut/Erth      0%         N/A       95%         4
 Sticky Flame             Conj/Fire      0%         2d3       95%         4
 Fulminant Prism          Conj/Hex       0%         3d6       96%         4
 Iskenderun's Mystic Bla  Conj/Tloc      0%         2d3       96%         4
 Olgreb's Toxic Radiance  Pois           0%         N/A       96%         4
 Agony                    Necr           1%         N/A       100%        5
 Alistair's Intoxication  Tmut/Pois      0%         N/A       100%        5
 Bolt of Magma            Conj/Fire/Erth 0%         4d4       100%        5
 Borgnjor's Vile Clutch   Necr/Erth      0%         N/A       100%        5
 Fireball                 Conj/Fire      0%         3d3       100%        5
 Hydra Form               Tmut           0%         N/A       100%        5
 Lee's Rapid Deconstruct  Erth           0%         3d5*      100%        5
 Lightning Bolt           Conj/Air       0%         1d11      100%        5
 Manifold Assault         Tloc           0%         N/A       100%        5
 Metabolic Englaciation   Hex/Ice        0%         N/A       100%        5
 Eringya's Noxious Bog    Tmut/Pois      0%         N/A       100%        6
 Starburst                Conj/Fire      0%         8x6d3     100%        6
 Discord                  Hex            0%         N/A       100%        8
 Ignition                 Fire           0%         3d3       100%        8
 Shatter                  Erth           0%         3d5*      100%        9


Dungeon Overview and Level Annotations

Branches:
Dungeon (15/15)            Temple (1/1) D:6            Lair (6/6) D:8
  Swamp (4/4) Lair:4        Snake (4/4) Lair:4        Slime (0/5) Lair:6
    Orc (2/2) D:12            Elf (0/3) Orc:2        Vaults (4/5) D:13
  Crypt (0/3) Vaults:2     Depths (1/5) D:15          Sewer (visited)
Ossuary (visited)         Desolation (visited)

Altars:
Ashenzari
Cheibriados
Dithmenos
Elyvilon
Gozag
Kikubaaqudgha
Makhleb
Nemelex Xobeh
Qazlal
Ru
Sif Muna
Trog
Uskayaw
Wu Jian
Xom
Yredelemnul
Zin
The Shining One
Jiyva

Shops:
D:1 [   D:8 ?   D:13 ?   Orc:2 *=([(   Snake:3 *   Vaults:3 *   Depths:1 ?(!

Annotations:
Vaults:2 1 runed translucent door, Putsipo's ghost, veteran GrGl


Innate Abilities, Weirdness & Mutations

You are too large for most types of armour.
You have claws for hands.
Your natural rate of healing is unusually fast.
You are covered in fur. (AC +1)
You have tough skin. (AC +1)
Your body sometimes deteriorates upon taking damage.
Your spells are a little easier to cast, but a little less powerful.


Message History

You claw the crystal guardian!
The crystal guardian is lightly damaged.
You block the war gargoyle's attack.
You scratch the crystal guardian but do no damage.
The crystal guardian is lightly damaged.
You carefully extract the barbed spikes from your body.
The crystal guardian fires a crystalline bolt at you.
The crystal bolt burns you!!
* * * LOW HITPOINT WARNING * * *
The crystal bolt burns you!!!
* * * LOW HITPOINT WARNING * * *
The crystal bolt burns the crystal guardian.
The crystal guardian completely resists.
The crystal bolt burns the crystal guardian.
The crystal guardian completely resists.
You block the war gargoyle's attack.
The war gargoyle launches metal splinters at you.
The spray of metal splinters hits you!
* * * LOW HITPOINT WARNING * * *
The crystal guardian hits you but does no damage.
Things that are here:
a +0 troll leather armour; a deep troll corpse
There is an open door, spattered with blood here.
The sentinel's mark upon you fades away.
You block the war gargoyle's attack.
Things that are here:
a +0 ring mail; a +0 morningstar The crystal guardian fires a crystalline bolt at you.
The crystal bolt freezes the war gargoyle!
The war gargoyle resists.
The crystal bolt freezes you!! You resist.
* * * LOW HITPOINT WARNING * * *
The crystal bolt misses you.
There is an open door, spattered with blood here.
Things that are here:
25 bolts; a +0 arbalest You feel better.
You block the war gargoyle's attack.
You feel better.
The war gargoyle launches metal splinters at you.
The spray of metal splinters hits you!!
You die...

#############
########...........#
#########......)....#
#######..#..........)##
#....[#.)#...........##
#...[9@..#...<.......##
#....[#..'...........##
#....8#..#...........##
#..#'#####...........##
#..#.[.[##...........##
#..#..><##.)†.......)##
##########..)........#
###
#########'##########
### #####.......###


You could see a crystal guardian (strong) and a war gargoyle (strong, catching
breath).

Vanquished Creatures
  Bai Suzhen (Swamp:3)
  the Lernaean hydra (Swamp:4)
  A tentacled monstrosity (Swamp:4)
  Jorgrun (Snake:3)
  A lich (Abyss:3)
  Frances (Swamp:2)
  A tentacled starspawn (Abyss:3)
  3 sphinxes
  Gastronok (D:12)
  A tengu reaver (Vaults:2)
  9 nagarajas
  A fire giant (Depths:1)
  3 imperial myrmidons (Desolation)
  Aizul (Snake:2)
  3 orc warlords
  3 vault wardens (Vaults:2)
  9 ironbound preservers
  3 war gargoyles
  4 very ugly things
  3 ghouls (Swamp:4)
  A vampire knight (Vaults:2)
  A stone giant (Depths:1)
  2 dire elephants (Vaults:1)
  4 bunyips
  4 entropy weavers
  A blizzard demon (Abyss:3)
  2 halazid warlocks (Desolation)
  7 eleionomae
  A green death (Abyss:3)
  Snorg (Lair:3)
  4 crystal guardians
  A shambling mangrove (Swamp:4)
  A deep elf high priest (Vaults:1)
  3 servants of whispers (Desolation)
  5 ragged hierophants (Desolation)
  7 yaktaur captains
  4 great orbs of eyes
  10 naga warriors
  3 vault guards (Vaults:2)
  An ice dragon (Lair:6)
  5 salamander tyrants
  Fannar (D:12)
  9 ironbound thunderhulks
  8 boulder beetles
  2 ogre magi
  10 peacekeepers
  11 anacondas
  27 hydras
  A ghost crab (Swamp:4)
  A spriggan air mage (Swamp:3)
  A catoblepas (Lair:6)
  6 ironbound frosthearts
  21 centaur warriors
  8 two-headed ogres
  A death knight (D:15)
  4 death yaks
  A dancing weapon (Orc:2)
  4 alligators
  5 orc high priests
  7 naga sharpshooters (Snake:4)
  2 tengu warriors (D:13)
  6 ironbound beastmasters
  The ghost of Cralpanu the Geomancer, a novice DrEE (Orc:2)
  A deep troll earth mage (Vaults:2)
  12 shock serpents
  Urug (Lair:6)
  A deep elf knight (D:13)
  Nergalle (Lair:1)
  9 salamander mystics
  A spatial maelstrom (Abyss:3)
  3 goliath frogs
  A deep troll (shapeshifter) (D:13)
  22 deep trolls
  4 spriggan druids
  A skeletal warrior (D:15)
  15 ironbound convokers
  15 lindwurms
  17 wizards
  5 naga ritualists
  2 bog bodies (Swamp:4)
  3 deep elf pyromancers
  12 swamp dragons
  A necromancer (Vaults:3)
  3 phantasmal warriors
  52 ugly things
  7 cyclopes
  15 mana vipers
  10 orc knights
  An oklob plant (Lair:4)
  5 orc sorcerers (Orc:2)
  5 will-o-the-wisps
  3 manticores
  17 salamanders
  6 elephants
  2 guardian serpents (shapeshifter) (D:13)
  3 large abominations (Abyss:3)
  36 black mambas
  13 guardian serpents
  10 vault sentinels
  A smoke demon (Abyss:3)
  4 gargoyles
  15 naga magi
  5 torpor snails (Lair:6)
  12 cane toads
  2 unseen horrors
  8 yaktaurs
  An orange demon (Abyss:3)
  7 komodo dragons
  A yaktaur (shapeshifter) (D:15)
  6 kobold demonologists
  An efreet (D:14)
  A komodo dragon (shapeshifter) (D:14)
  Psyche (D:9)
  2 freezing wraiths
  A tengu conjurer (D:15)
  An ancient zyme (Abyss:3)
  5 trolls
  4 meliai (D:13)
  10 polar bears (Lair:6)
  6 bloated husks
  52 saltlings (Desolation)
  13 tyrant leeches
  11 hornets
  A blink frog (shapeshifter) (D:13)
  A raiju (shapeshifter) (D:13)
  30 slime creatures
  4 raiju (Lair:6)
  8 dream sheep (Lair:6)
  22 blink frogs
  6 vampires
  6 spriggans
  3 redbacks
  A tarantella (Vaults:1)
  2 shadows
  A wraith (D:13)
  5 wyverns
  34 yaks
  A spatial vortex (Abyss:3)
  A neqoxec (Abyss:3)
  16 vampire mosquitoes
  2 chaos spawn (Abyss:3)
  A steam dragon (D:7)
  A basilisk (Lair:6)
  8 wargs
  32 nagas
  10 water moccasins
  14 swamp worms
  2 acid dragons
  13 hell hounds (Lair:6)
  An ice beast (D:8)
  A hornet zombie (D:6)
  6 swamp drakes (Swamp:4)
  13 black bears
  8 ogres
  A black bear (shapeshifter) (D:15)
  34 orc warriors
  3 sky beasts
  19 wolves (Lair:6)
  5 centaurs
  6 kobold brigands
  19 bullfrogs
  3 gnoll sergeants
  9 water moccasin zombies
  5 scorpions
  A wyvern zombie (D:6)
  A water moccasin skeleton (D:5)
  24 killer bees
  7 wights (D:9)
  4 howler monkeys
  6 centaur zombies
  A crimson imp (Abyss:3)
  8 starcursed masses (Abyss:3)
  4 hounds
  15 orc priests
  2 jellies
  2 bullfrog skeletons (D:7)
  A gnoll shaman (D:7)
  Jessica (D:2)
  7 iguanas
  20 orc wizards
  4 hell rats (Lair:6)
  3 killer bee zombies
  2 mummies (Ossuary)
  10 adders
  13 gnolls
  A howler monkey skeleton (D:7)
  2 shadow imps
  2 white imps
  An ufetubus (Abyss:3)
  7 adder zombies (Ossuary)
  An adder skeleton (D:4)
  4 worms
  4 dart slugs
  63 orcs
  15 bats
  7 endoplasms
  7 giant cockroaches
  A gnoll zombie (Ossuary)
  8 goblins
  7 hobgoblins
  9 jackals
  3 quokkas
  7 ball pythons
  3 frilled lizards
  5 hobgoblin zombies (Ossuary)
  31 kobolds
  2 kobold zombies (Ossuary)
  3 orc zombies (Ossuary)
  A quokka skeleton (D:4)
  11 rats
1440 creatures vanquished.

Vanquished Creatures (others)
  A naga warrior (Snake:4)
  A peacekeeper (Vaults:2)
  An alligator (Swamp:4)
  A wizard (Vaults:2)
  A guardian serpent (Snake:2)
  2 bloated husks
  A blink frog (Abyss:3)
  A spriggan (Swamp:4)
  20 foxfires
  36 fungi
  70 plants
135 creatures vanquished.

Grand Total: 1575 creatures vanquished

Notes
Turn   | Place    | Note
-------+----------+-------------------------------------------
     0 | D:1      | wakim the Troll Fighter began the quest for the Orb.
     0 | D:1      | Reached XP level 1. HP: 22/22 MP: 0/0
    55 | D:1      | Found Teuk's Armour Boutique.
   181 | D:1      | Reached XP level 2. HP: 29/29 MP: 1/1
   444 | D:1      | Identified a scroll of acquirement
   444 | D:1      | Acquired a +1 kite shield of protection
   654 | D:1      | Reached XP level 3. HP: 36/36 MP: 2/2
   930 | D:2      | Noticed Jessica
   934 | D:2      | Killed Jessica
   935 | D:2      | Reached skill level 1 in Armour
   935 | D:2      | Reached skill level 3 in Unarmed Combat
   935 | D:2      | Reached XP level 4. HP: 44/44 MP: 3/3
  1228 | D:2      | Found a faded altar of an unknown god.
  1231 | D:2      | Became a worshipper of Ashenzari the Shackled
  1404 | D:3      | Found a shimmering altar of Xom.
  1643 | D:3      | Reached XP level 5. HP: 52/52 MP: 4/4
  1652 | D:3      | Found a glowing drain.
  1656 | Sewer    | Entered a sewer
  1759 | Sewer    | Found a white marble altar of Elyvilon.
  2210 | D:3      | Reached skill level 1 in Throwing
  2509 | D:4      | Found an ancient bone altar of Kikubaaqudgha.
  2512 | D:4      | Found a snail-covered altar of Cheibriados.
  2523 | D:4      | Reached XP level 6. HP: 56/61 MP: 5/5
  2707 | D:4      | Reached skill level 4 in Unarmed Combat
  3309 | D:5      | Entered Level 5 of the Dungeon
  3481 | D:5      | Identified the Handbook of Burning Enchantment
  3517 | D:5      | Reached XP level 7. HP: 67/67 MP: 6/6
  3690 | D:5      | Reached skill level 5 in Unarmed Combat
  3711 | D:5      | Reached XP level 8. HP: 45/76 MP: 7/7
  4230 | D:6      | Found a staircase to the Ecumenical Temple.
  4247 | Temple   | Entered the Ecumenical Temple
  4323 | D:6      | Reached skill level 5 in Shields
  4413 | D:6      | Reached skill level 6 in Unarmed Combat
  5058 | D:6      | Reached XP level 9. HP: 84/84 MP: 8/8
  5743 | D:7      | Reached skill level 7 in Unarmed Combat
  6307 | D:7      | Found a sparkling altar of Nemelex Xobeh.
  6354 | D:8      | Found a sand-covered staircase.
  6358 | Ossuary  | Entered an ossuary
  6613 | D:8      | Reached XP level 10. HP: 94/94 MP: 9/9
  6746 | D:8      | Noticed a two-headed ogre
  6769 | D:8      | Killed a two-headed ogre
  6770 | D:8      | Reached skill level 5 in Fighting
  6770 | D:8      | Reached skill level 5 in Dodging
  6913 | D:8      | Noticed a cyclops
  6938 | D:8      | Reached skill level 8 in Unarmed Combat
  7007 | D:8      | Found Guxoppeu's Magic Scroll Shop.
  7060 | D:8      | Found a staircase to the Lair.
  7099 | D:8      | Killed a cyclops
  7272 | D:8      | Reached * piety under Ashenzari
  7562 | D:9      | Reached skill level 5 in Throwing
  7611 | D:9      | Noticed a soul eater
  7613 | D:9      | Noticed a soul eater
  7647 | D:9      | Noticed a red ugly thing
  7672 | D:9      | Found a runed translucent door.
  7863 | D:9      | Found a glowing silver altar of Zin.
  7864 | D:9      | Reached ** piety under Ashenzari
  7866 | D:9      | Found a basalt altar of Yredelemnul.
  8164 | D:9      | Reached XP level 11. HP: 103/104 MP: 10/10
  8251 | D:10     | Entered Level 10 of the Dungeon
  8251 | D:10     | Noticed Psyche
  8265 | D:9      | Killed Psyche
  8266 | D:9      | Reached skill level 9 in Unarmed Combat
  8280 | D:9      | Identified the cursed +0 cloak "Cursed Foul Odors" {Fort,
                  | Elem} (You found it on level 1 of the Dungeon)
  8280 | D:9      | Identified the cursed ring "Overhang to Understand" {Str+6,
                  | Alch, Fort} (You found it on level 5 of the Dungeon)
  8340 | D:10     | Found a sacrificial altar of Ru.
  8342 | D:10     | Found a shadowy altar of Dithmenos.
  8342 | D:10     | Found a burning altar of Makhleb.
  8344 | D:10     | Found an ornate altar of the Wu Jian Council.
  8400 | D:10     | Reached skill level 5 in Armour
  8488 | D:10     | Reached *** piety under Ashenzari
  9261 | D:11     | Noticed a white ugly thing
  9261 | D:11     | Noticed a boulder beetle
  9279 | D:11     | Killed a boulder beetle
  9296 | D:11     | Killed a white ugly thing
  9611 | D:11     | Found a white marble altar of Elyvilon.
 10445 | D:12     | Noticed Gastronok
 10485 | D:12     | Killed Gastronok
 10486 | D:12     | Reached skill level 10 in Unarmed Combat
 10663 | D:12     | Noticed Fannar
 10671 | D:12     | Noticed a boulder beetle
 10682 | D:12     | Killed Fannar
 10698 | D:12     | Killed a boulder beetle
 10713 | D:12     | Found a staircase to the Orcish Mines.
 10747 | D:12     | Noticed a boulder beetle
 10756 | D:12     | Noticed a five-headed hydra
 10764 | D:12     | Killed a five-headed hydra
 10765 | D:12     | Reached XP level 12. HP: 115/115 MP: 11/11
 10778 | D:12     | Noticed a boulder beetle
 10798 | D:12     | Killed a boulder beetle
 10858 | D:12     | Killed a boulder beetle
 10905 | D:12     | Noticed a two-headed ogre
 10909 | D:12     | Killed a two-headed ogre
 10910 | D:12     | Reached skill level 11 in Unarmed Combat
 11272 | Lair:1   | Entered Level 1 of the Lair of Beasts
 11356 | Lair:1   | Noticed Nergalle
 11390 | Lair:1   | Killed Nergalle
 12227 | Lair:2   | Identified the ring "Ysemm" {rCorr Int+6 Dex+4}
 12438 | Lair:2   | Noticed a four-headed hydra
 12445 | Lair:2   | Killed a four-headed hydra
 12480 | Lair:2   | Reached skill level 12 in Unarmed Combat
 12769 | Lair:2   | Reached XP level 13. HP: 124/124 MP: 12/12
 13183 | Lair:3   | Noticed Snorg
 13195 | Lair:3   | Killed Snorg
 13466 | Lair:3   | Reached **** piety under Ashenzari
 13603 | Lair:3   | Found a basalt altar of Yredelemnul.
 13816 | Lair:4   | Found a staircase to the Snake Pit.
 13830 | Lair:4   | Found a staircase to the Swamp.
 13830 | Lair:4   | Found a bloodstained altar of Trog.
 14594 | Lair:5   | Reached ***** piety under Ashenzari
 14643 | Lair:5   | Reached skill level 13 in Unarmed Combat
 15190 | Lair:6   | Entered Level 6 of the Lair of Beasts
 15414 | Lair:6   | Found a viscous altar of Jiyva.
 15433 | Lair:6   | Reached XP level 14. HP: 125/137 MP: 13/13
 15449 | Lair:6   | Noticed Urug
 15455 | Lair:6   | Killed Urug
 15806 | Lair:6   | Found a runed translucent door.
 16209 | Lair:6   | Found a staircase to the Slime Pits.
 16774 | Lair:6   | Reached skill level 14 in Unarmed Combat
 16965 | Lair:6   | Acquired a +0 tower shield of protection
 17316 | D:13     | Found Xig Nex's Magic Scroll Shop.
 17322 | D:13     | Bought a scroll of teleportation for 39 gold pieces
 17513 | D:13     | Reached XP level 15. HP: 64/149 MP: 14/14
 17519 | D:13     | Noticed an orc warlord
 17543 | D:13     | Killed an orc warlord
 17682 | D:13     | Reached skill level 10 in Fighting
 18024 | D:13     | Found a gate to the Vaults.
 18560 | D:13     | Found a shadowy altar of Dithmenos.
 19523 | D:15     | Entered Level 15 of the Dungeon
 19806 | D:15     | Found a staircase to the Depths.
 20403 | Orc:1    | Entered Level 1 of the Orcish Mines
 20961 | Orc:2    | Entered Level 2 of the Orcish Mines
 20983 | Orc:2    | Found Heul's Assorted Antiques.
 21030 | Orc:2    | Bought a scroll of blinking for 202 gold pieces
 21080 | Orc:2    | Found Xusuliod's Weapon Emporium.
 21107 | Orc:2    | Found a staircase to the Elven Halls.
 21176 | Orc:2    | Found Bigikkad's Jewellery Shop.
 21189 | Orc:2    | Reached skill level 15 in Unarmed Combat
 21324 | Orc:2    | Reached XP level 16. HP: 157/161 MP: 15/15
 21547 | Orc:2    | Found a runed translucent door.
 21607 | Orc:2    | Found Luleogovaps's Antique Armour Emporium.
 21683 | Orc:2    | Found a shimmering altar of Xom.
 21683 | Orc:2    | Noticed Cralpanu's ghost (novice DrEE)
 21695 | Orc:2    | Reached skill level 10 in Throwing
 21697 | Orc:2    | Killed Cralpanu's ghost
 21919 | Orc:2    | Found Fusmim's Antique Weapon Shop.
 21946 | Orc:2    | Bought the ring "Laptaw" {rElec rPois rC+ Int+8 Stlth-} for
                  | 937 gold pieces
 21946 | Orc:2    | Bought an amulet of the acrobat for 480 gold pieces
 22118 | Depths:1 | Entered Level 1 of the Depths
 22143 | Depths:1 | Reached skill level 10 in Shields
 22190 | Depths:1 | Noticed a sphinx
 22211 | Depths:1 | Killed a sphinx
 22233 | Depths:1 | Found Igaagit's Distillery.
 22235 | Depths:1 | Found Lalyxex's Antique Weapon Boutique.
 22237 | Depths:1 | Found Comotid's Magic Scroll Shop.
 22241 | Depths:1 | Bought a potion of berserk rage for 70 gold pieces
 22465 | Swamp:1  | Entered Level 1 of the Swamp
 22957 | Swamp:1  | Reached skill level 10 in Armour
 23134 | Swamp:2  | Noticed Frances
 23145 | Swamp:2  | Killed Frances
 23156 | Swamp:2  | Reached skill level 10 in Dodging
 23515 | Swamp:2  | HP: 6/171 [seven-headed hydra[a spriggan druid] (20)]
 24680 | Swamp:4  | Entered Level 4 of the Swamp
 24694 | Swamp:4  | Reached XP level 17. HP: 184/184 MP: 16/16
 24737 | Swamp:4  | Noticed Bai Suzhen
 24770 | Swamp:3  | Killed Bai Suzhen
 25290 | Swamp:4  | Noticed a tentacled monstrosity
 25303 | Swamp:4  | Killed a tentacled monstrosity
 25304 | Swamp:4  | Reached skill level 16 in Unarmed Combat
 25642 | Swamp:4  | Noticed the 27-headed Lernaean hydra
 25702 | Swamp:4  | Killed the 27-headed Lernaean hydra
 25855 | Swamp:4  | Got a decaying rune of Zot
 26160 | Snake:1  | Entered Level 1 of the Snake Pit
 26680 | Snake:2  | Found a bloodstained altar of Trog.
 27296 | Snake:2  | Noticed Aizul
 27309 | Snake:2  | Killed Aizul
 27310 | Snake:2  | Reached XP level 18. HP: 194/196 MP: 17/17
 27709 | Snake:3  | Found Hadous's Assorted Antiques.
 27715 | Snake:3  | Bought a square blue amulet for 155 gold pieces
 28575 | Snake:3  | Noticed Jorgrun
 28592 | Snake:3  | Killed Jorgrun
 28593 | Snake:3  | Reached skill level 17 in Unarmed Combat
 28941 | Snake:4  | Entered Level 4 of the Snake Pit
 31031 | Snake:4  | Reached XP level 19. HP: 206/209 MP: 13/18
 31070 | Snake:4  | Got a serpentine rune of Zot
 31444 | Vaults:1 | Entered Level 1 of the Vaults
 32284 | Vaults:1 | Reached skill level 18 in Unarmed Combat
 32373 | Vaults:1 | Cast into level 3 of the Abyss (a wizard)
 32460 | Abyss:3  | Gained mutation: Your body sometimes deteriorates upon
                  | taking damage. [a neqoxec]
 32462 | Abyss:3  | Gained mutation: Your spells are a little easier to cast,
                  | but a little less powerful. [a neqoxec]
 32633 | Vaults:1 | Escaped the Abyss
 33586 | Vaults:2 | Found a staircase to the Crypt.
 33648 | Vaults:2 | Reached XP level 20. HP: 196/221 MP: 19/19
 33972 | Vaults:2 | Found a shimmering altar of Xom.
 34388 | Vaults:2 | Found a runed translucent door.
 34388 | Vaults:2 | Noticed Putsipo's ghost (veteran GrGl)
 34389 | Vaults:2 | Identified the Disquisition on Blistering Dark Rites
 35489 | Vaults:3 | Found Beix's Assorted Antiques.
 35496 | Vaults:3 | Bought a potion of heal wounds for 210 gold pieces
 35780 | Vaults:3 | Reached skill level 19 in Unarmed Combat
 35821 | Vaults:3 | Reached skill level 15 in Fighting
 35957 | Vaults:3 | Found a ruined gateway.
 35968 | Desolati | Entered the Desolation of Salt
 36213 | Desolati | Identified the +8 spear of Turmoil {antimagic, Fly rC+
                  | Str+3}
 36213 | Desolati | Identified the ring of Xiyc {Fire Fly rPois Str+5}
 36213 | Desolati | Identified the Handbook of Ashen Slavery
 36512 | Desolati | HP: 4/196 [peacekeeper[a halazid warlock] (27)]
 36537 | Desolati | HP: 5/196 [peacekeeper[a halazid warlock] (12)]
 36694 | Desolati | Identified the Tome of the Rocks
 36733 | Desolati | Identified the ring of Werphaac {Str+5 Slay+4}
 36768 | Desolati | Identified the +2 hand crossbow "Emikaeg" {penet, *Corrode
                  | rC++ Will+ Str+3}
 36869 | Desolati | Identified Irergh's Handbook of Clay and Poisoning
 36869 | Desolati | Identified the ring of the Will of the Gods {rPois EV+4}
 36869 | Desolati | Identified Gousk's Guide on Fiery Poison
 36873 | Desolati | Reached XP level 21. HP: 224/224 MP: 20/20
 37749 | Vaults:3 | Identified the +7 morningstar of Psychosis {vorpal, rF+
                  | Str-5 Int+4 Dex+8}
 37941 | Vaults:3 | HP: 3/234 [crystal guardian/crystal bolt[a peacekeeper]
                  | (25)]
 37943 | Vaults:3 | Killed from afar by a war gargoyle

Illustrated notes

Levels and vault maps discovered:
D:1:      eino_arrival_water_cross, layout_loops_ring, serial_shops, shop
D:2:      layout_basic, shapermc_ecumenical_altar_mp_vishouse,
          minmay_tetromino_s2, uniq_jessica
D:3:      layout_basic, amcnicky_altar_gilded, gup_sewer_entry_bowl
D:4:      layout_loops_ring, grunt_temple_overflow_open
D:5:      layout_basic, grunt_ministairs_7, minmay_chambers_of_fives
D:6:      layout_basic, minmay_temple_entry_sparse_star
D:7:      layout_loops_ring, nemelex_diamond_rough_becter,
          minmay_tree_intersection, kennysheep_nub, dk_vineyard_1, eino_jars
D:8:      minmay_spotlight, layout_loops_cross, dpeg_oklobed_lair,
          enter_ossuary_5, serial_shops, nicolae_shop_behind_doors,
          minmay_manual_mail
D:9:      layout_small_grid, nicolae_overflow_hidden_temple, minmay_st_funbox,
          minmay_door_square, chequers_serial_rivers_large_a,
          statue_in_the_mist_lemuel, st_stairs_14
D:10:     layout_cave_pools, chequers_temple_overflow_statue_of_worship,
          uniq_psyche
D:11:     layout_layer_cave, elyvilon_altar_4
D:12:     layout_rooms, orc_0_dummy, kennysheep_generic_room_4, uniq_gastronok,
          uniq_fannar
D:13:     minmay_the_grid_4x2 [minmay_the_grid_stretched_grid,
          minmay_the_grid_aliased_spiral, minmay_the_grid_square_x,
          minmay_the_grid_garden, minmay_the_grid_armoury,
          minmay_the_grid_doors, minmay_the_grid_box_x,
          minmay_the_grid_prize_four_corners], layout_loops_ring, serial_glass,
          glass_columns_c, glass_columns_b, serial_shops, shop_statue,
          grunt_dithmenos_shadows
D:14:     layout_basic
D:15:     hangedman_depths_entry_try_elsewhere_first, layout_cross,
          nicolae_benzene_ring
Temple:   nicolae_temple_x_marks_the_god
Lair:1:   layout_small_grid, lemuel_fruit_tree, grunt_megastairs_1,
          uniq_nergalle
Lair:2:   layout_gridlike, grunt_megastairs_5, infiniplex_staircase_pool_2
Lair:3:   layout_hall_layers, special_room, basic_altar, lemuel_old_faithful,
          uniq_snorg
Lair:4:   layout_misc_corridors, minmay_swamp_entry_swarm, dummy_snake_entry,
          nicolae_quartered_pool_super, lemuel_oklob_altar
Lair:5:   layout_regular_city, serial_bayou_ford_a, roderic_batcave,
          lemuel_fruit_fields
Lair:6:   hangedman_lair_caniforms_friends, layout_loops_ring, wormcave,
          slime_altar_1, uniq_urug
Swamp:1:  layout_basic_swamp, nicolae_swamp_little_tower
Swamp:2:  layout_basic_swamp, nicolae_swamp_decorative_isthmus, swamp_pool2,
          uniq_frances
Swamp:3:  layout_basic_swamp, nicolae_swamp_triple_paths
Swamp:4:  swamp_old_school, layout_basic_swamp, swamp_pool3,
          nicolae_swamp_small_spring, uniq_bai_suzhen
Snake:1:  layout_rooms
Snake:2:  nicolae_aizul_guard, layout_onion_interference, special_room,
          basic_altar
Snake:3:  layout_layer_cave, serial_shops, nicolae_shop_crystal, uniq_jorgrun
Snake:4:  snake_pit_salamanders_mu, layout_cave_town
Orc:1:    layout_caves, nicolae_orc_flooded_monolith
Orc:2:    st_orc_elflike, layout_caves, ebering_ghost_xom, serial_shops, shop
Vaults:1: nicolae_vaults_alarming, hangedman_vaults_capsules,
          nicolae_vaults_little_squares_2, hangedman_vaults_stagger, st_cross,
          vaults_room_door_ring, ontoclasm_vaults_misaligned, v_alt_pattern_4,
          ontoclasm_vaults_tryst, v_misc_15, grunt_vaults_focal,
          nicolae_vaults_little_squares_6, layout_vaults_omnibox
Vaults:2: ebering_vaults_ghost_xom, vaults_dpeg_spiral,
          minmay_crypt_entry_vampire_xt, nicolae_vaults_rhombus_7,
          dpeg_vaults_monster_row, nicolae_vaults_minivaults,
          nicolae_vaults_theta, nicolae_vaults_network_star,
          vaults_room_corners, v_misc_25, v_misc_30,
          ontoclasm_vaults_loading_screen, layout_vaults_omnicross,
          serial_hangedman_research
Vaults:3: hangedman_vaults_corner, v_misc_9, v_rooms_1, v_misc_25,
          vaults_standard_mumra_x, vaults_room_grunt_arrival_ludios,
          vaults_room_corners, layout_vaults_maze_snakey,
          portal_desolation_entry_ruin, serial_shops, shop
Vaults:4: ontoclasm_vaults_bender, v_misc_13, hangedman_vaults_unwind, st_star,
          vaults_standard_mumra_lines, vaults_dpeg_doors,
          vaults_room_semicircle, nicolae_vaults_three_branches, v_misc_23,
          vaults_room_hallway, nicolae_vaults_diagonal_hallway_6,
          vaults_room_corners, nicolae_vaults_gold_heap, hangedman_vaults_trim,
          layout_vaults_ring, serial_shops, bzr_entry_road
Depths:1: layout_cave_pools, pf_hell_entry_tar_spiral, minmay_misc_feat_room,
          hangedman_abyss_entry_splay, rand_demon_pan_entry_4,
          nicolae_hepliaklqana_hazy_memory, minmay_shop_star

Skill      XL: |  1  2  3  4  5  6  7  8  9 10 11 12 13 14 15 16 17 18 19 20 |
---------------+-------------------------------------------------------------+-----
Armour         | 1 2 3 4 6 7 8 9 10 11 12 | 12.9
Unarmed Combat | 3 4 5 6 7 8 10 12 13 14 15 16 17 18 19 | 19.6
Shields        | 3 4 5 6 7 8 9 10 | 10.6
Dodging        | 3 4 5 6 7 8 9 10 11 12 | 12.8
Fighting       | 3 4 5 6 7 8 9 10 11 12 13 14 15 | 15.6
Throwing       | 1 2 3 4 5 6 7 8 9 10 11 12 13 | 13.4

Action                   |  1- 3 |  4- 6 |  7- 9 | 10-12 | 13-15 | 16-18 | 19-21 || total
-------------------------+-------+-------+-------+-------+-------+-------+-------++-------
Melee: Unarmed           |   102 |   229 |   398 |   489 |  1064 |  1095 |  1121 ||  4498
Throw: Dart              |       |       |    45 |    79 |   108 |    21 |       ||   253
       Boomerang         |       |       |     4 |    23 |    71 |   209 |    40 ||   347
       Large rock        |       |       |       |     2 |    54 |    64 |       ||   120
       Javelin           |       |       |       |       |     9 |       |     3 ||    12
Invok: Curse Item        |       |     1 |       |     3 |     3 |     2 |     1 ||    10
       Shatter the Chain |       |       |       |       |     1 |     2 |     1 ||     4
Evoke: Wand              |       |       |       |       |       |     1 |       ||     1
  Use: Scroll            |     6 |       |       |     1 |     2 |     3 |     6 ||    18
       Potion            |       |     1 |       |     1 |       |     5 |     7 ||    14
 Stab: Sleeping          |       |       |     1 |       |       |       |       ||     1
Armor: Robe              |    44 |    76 |    51 |       |       |       |       ||   171
       Steam dragon scal |       |       |    46 |    44 |       |       |       ||    90
       Acid dragon scale |       |       |       |    54 |   234 |   195 |   157 ||   640
Dodge: Dodged            |    30 |    60 |   165 |   208 |   424 |   455 |   290 ||  1632
Block: Kite shield       |    47 |   143 |   265 |   340 |   508 |       |       ||  1303
       Tower shield      |       |       |       |       |   375 |  1121 |   990 ||  2486
       Reflection        |       |       |       |       |       |    39 |    40 ||    79

Table legend: (Time is in decaauts)
 A = Elapsed time spent in this place.
 B = Non-inter-level travel time spent in this place.
 C = Inter-level travel time spent in this place.
 D = Time resting spent in this place.
 E = Time spent auto-exploring this place.
 F = Levels seen in this place.
 G = Mean time per level.
                   A        B        C        D        E       F      G
               +--------+--------+--------+--------+--------+-----+--------+
         Total |  36988 |  33578 |   3410 |   1275 |  22596 |  41 |  902.1 |
       Dungeon |  14751 |  12867 |   1884 |    275 |   9344 |  15 |  983.4 |
        Temple |      1 |      1 |      0 |      0 |      0 |   1 |    1.0 |
          Lair |   5896 |   5379 |    517 |    155 |   3753 |   6 |  982.7 |
         Swamp |   3753 |   3471 |    282 |    162 |   2276 |   4 |  938.2 |
     Snake Pit |   4867 |   4658 |    209 |    387 |   3046 |   4 | 1216.8 |
  Orcish Mines |   1386 |   1332 |     54 |     58 |    853 |   2 |  693.0 |
        Vaults |   4389 |   3936 |    453 |    131 |   2528 |   4 | 1097.2 |
        Depths |    143 |    135 |      8 |      0 |     37 |   1 |  143.0 |
         Abyss |    233 |    233 |      0 |      0 |     56 |   1 |  233.0 |
         Sewer |    192 |    192 |      0 |      0 |    122 |   1 |  192.0 |
       Ossuary |    182 |    182 |      0 |      0 |     24 |   1 |  182.0 |
    Desolation |   1189 |   1189 |      0 |    107 |    555 |   1 | 1189.0 |
               +--------+--------+--------+--------+--------+-----+--------+

Top non-repeatable levels by time:
Vaults:2: 2099 daAuts
 Snake:4: 2090 daAuts
  Lair:6: 1640 daAuts
    D:13: 1396 daAuts
 Snake:3: 1331 daAuts
     D:3: 1235 daAuts
    D:11: 1232 daAuts
Vaults:1: 1194 daAuts
Desolation: 1189 daAuts
 Swamp:4: 1176 daAuts
     D:7: 1164 daAuts
    D:14: 1102 daAuts
     D:9: 1094 daAuts
Vaults:3: 1078 daAuts
    D:12: 1061 daAuts
